 Dungeon Crawl Stone Soup version 0.28.0-53-g5a82cb258f (console) character file.

Game seed: 850520120701336723

122 Faeu the Firebug (level 5, -2/38 HPs)
             Began as a Hill Orc Fire Elementalist on May 25, 2022.
             Slain by a hound (5 damage)
             ... on level 4 of the Dungeon.
             The game lasted 00:11:11 (2889 turns).

Faeu the Firebug (Hill Orc Fire Elementalist)       Turns: 2889, Time: 00:11:11

Health: -2/38      AC:  5    Str: 11    XL:     5   Next: 6%
Magic:  2/7        EV: 12    Int: 17    God:
Gold:   139        SH:  0    Dex: 11    Spells: 6/7 levels left

rFire   . . .      SeeInvis .   e - +0 short sword {short}
rCold   . . .      Faith    +   (no shield)
rNeg    . . .      Spirit   .   a - +0 robe
rPois   .          Reflect  .   (no helmet)
rElec   .          Harm     .   (no cloak)
rCorr   .          Rampage  .   k - +2 pair of gloves
Will    +....                   (no boots)
Stlth   ++........              b - amulet of faith {!P}
HPRegen 0.12/turn               c - ring of willpower
MPRegen 0.10/turn               (no ring)

@: very slightly contaminated
A: no striking features
a: no special abilities


You were on level 4 of the Dungeon.
You visited 1 branch of the dungeon, and saw 4 of its levels.

You collected 139 gold pieces.


   Skills:
 + Level 2.3 Dodging
 + Level 2.4 Stealth
 - Level 1.5 Spellcasting
 + Level 2.1 Conjurations
 + Level 4.0 Fire Magic
 + Level 2.4 Invocations


You had 6 spell levels left.
You knew the following spells:

 Your Spells              Type           Power      Damage    Failure   Level
a - Foxfire               Conj/Fire      44%        2x1d6     6%          1

Your spell library contained the following spells:

 Spells                   Type           Power      Damage    Failure   Level
 Scorch                   Fire           28%        2d6       6%          2
 Conjure Flame            Conj/Fire      11%        6-21      17%         3
 Inner Flame              Hex/Fire       8%         N/A       26%         3
 Flame Wave               Conj/Fire      11%        2d5       50%         4
 Airstrike                Air            0%         N/A       90%         4
 Summon Lightning Spire   Summ/Air       1%         N/A       90%         4
 Lightning Bolt           Conj/Air       2%         1d14      98%         5

Inventory:

Hand Weapons
 e - a +0 short sword (weapon) {short}
   (You took it off a kobold on level 1 of the Dungeon)
 i - a +0 short sword {short}
   (You took it off a kobold on level 1 of the Dungeon)
Missiles
 f - 40 stones {throwing}
 g - 51 arrows
 m - 12 poisoned darts {throwing}
Armour
 a - a +0 robe (worn)
 k - a +2 pair of gloves (worn)
   (You found it on level 1 of the Dungeon)
Jewellery
 b - an amulet of faith (around neck) {!P}
   (You found it on level 1 of the Dungeon)
 c - a ring of willpower (left hand)
   (You found it on level 1 of the Dungeon)
 j - an amulet of guardian spirit
   (You found it on level 1 of the Dungeon)
 s - a ring of positive energy
   (You found it on level 4 of the Dungeon)
Scrolls
 d - a scroll of amnesia {unknown}
 h - a scroll of immolation {unknown}
 l - a scroll of vulnerability {unknown}
 n - a scroll of enchant weapon {unknown}
 o - a scroll of identify {unknown}
 q - 2 scrolls of magic mapping {unknown}
 t - a scroll of teleportation {unknown}
Potions
 p - a potion of might {unknown}
 r - a potion of curing {unknown}
 u - a potion of degeneration {unknown}

Dungeon Overview and Level Annotations

Branches:
Dungeon (4/15)
 Temple: D:4-7

Altars:

Shops:
D:1 [ D:2

! ##### #...# #...# #...#
#...########
#########...'..#...#
#...........##.#.#.# ##
#...........##.#..<# .#
#...)..รท.......#...# .#
#.).......h@.#####.# .#
#......>..S#.......# .#
#..........######### .#
###............(.....#
.###...........########.#
h'.#.#.........########.#
.#.#.#.......)..........#
.#h#.#.........####..####
.#.#.#...............#
.#.#.##+#####.#.####.#
##...##.#####.#+##.#.##


You could see a hound and an adder.


Message History

You are too injured to fight recklessly!
You are too injured to fight recklessly!
Casting: Foxfire (safe; 6% risk of failure)
Press: ? - help, Q - select action, (/) - cycle Dir - look around, f - activate You conjure some foxfire!
The hound closely misses you. ๐Ÿ˜ฎ MP[-1]
You lost 1 mp, and now have 3/7 mp.
An adder comes into view.
The foxfire hits the hound.
The foxfire hits the hound but does no damage.
The hound misses you.
Casting: Foxfire (safe; 6% risk of failure)
Press: ? - help, Q - select action, (/) - cycle Dir - look around, f - activate You conjure some foxfire!
The hound barely misses you. ๐Ÿ˜ฎ HP[+1]
The foxfire hits the hound but does no damage.
The foxfire hits the hound.
The hound closely misses you. The hound closely misses you.
The hound bites you but does no damage. The hound bites you. ๐Ÿ˜ฎ HP[-3]
You take 3 damage, and now have 25/38 hp.
The hound barely misses you. The adder completely misses you.
The hound bites you. The hound closely misses you.
There is an open door here. ๐Ÿ˜ฎ HP[-2]
You take 2 damage, and now have 23/38 hp.
The adder bites you. ๐Ÿ˜ฎ HP[-2]
You take 2 damage, and now have 21/38 hp. ๐Ÿ˜ฎ MP[+1]
The hound pauses to sniff the ground.
The adder bites you but does no damage.
The adder bites you but does no damage. ๐Ÿ˜ฎ HP[+1]
The adder bites you but does no damage. ๐Ÿ˜ฎ MP[+1]
The adder bites you.
* * * LOW HITPOINT WARNING * * *
๐Ÿ˜จ HP[-4]
You take 4 damage, and now have 18/38 hp.
The hound barely misses you. ๐Ÿ˜จ HP[+1]
The adder bites you but does no damage.
There is a stone staircase leading down here.
You are too injured to fight recklessly!
Casting: Foxfire (safe; 6% risk of failure)
Press: ? - help, Q - select action, (/) - cycle Dir - look around, f - activate You miscast Foxfire.
You are very lightly contaminated with residual magic.
Nothing appears to happen.
The hound closely misses you. The adder bites you.
* * * LOW HITPOINT WARNING * * *
You are poisoned.
The adder poisons you! ๐Ÿ˜จ HP[-1] MP[-1]
You take 1 damage, and now have 18/38 hp.
You lost 1 mp, and now have 4/7 mp.
Casting: Foxfire (safe; 6% risk of failure)
Press: ? - help, Q - select action, (/) - cycle Dir - look around, f - activate You conjure some foxfire!
You feel sick. The hound completely misses you. The adder bites you.
* * * LOW HITPOINT WARNING * * *
The hound bites you but does no damage. ๐Ÿ˜จ HP[-4] MP[-1]
You take 4 damage, and now have 14/38 hp.
You lost 1 mp, and now have 3/7 mp.
You feel sick.
The foxfire hits the hound but does no damage.
The foxfire hits the hound. ๐Ÿ˜จ HP[-1]
You take 1 damage, and now have 13/38 hp.
Casting: Foxfire (safe; 6% risk of failure)
Press: ? - help, Q - select action, (/) - cycle Dir - look around, f - activate You conjure some foxfire!
You feel sick. The hound bites you.
* * * LOW HITPOINT WARNING * * *
The adder barely misses you. The hound closely misses you. The adder bites you.
* * * LOW HITPOINT WARNING * * *
๐Ÿ˜ฑ HP[-9]
You take 9 damage, and now have 4/38 hp.
MASSIVE DAMAGE!! (PAUSE)
You feel sick.
The foxfire hits the adder.
The foxfire hits the hound.
The hound barely misses you. ๐Ÿ˜ฑ HP[-1]
You take 1 damage, and now have 3/38 hp.
Unknown command.
Casting: Foxfire (safe; 6% risk of failure)
Press: ? - help, Q - select action, (/) - cycle Dir - look around, f - activate You miscast Foxfire.
Nothing appears to happen.
You feel sick.
You are no longer poisoned.
The adder closely misses you.
The hound barely misses you. ๐Ÿ˜ฑ HP[-1] MP[-1]
You take 1 damage, and now have 2/38 hp.
You lost 1 mp, and now have 2/7 mp.
The adder barely misses you. The hound bites you.
You die...

Skill      XL: |  1  2  3  4 |
---------------+-------------+-----
Invocations    | 1 2 |  2.4
Stealth        | 2 |  2.4
Dodging        | 2 |  2.3
Conjurations   | 2 |  2.1
Fire Magic     | 4 |  4.0
Spellcasting   | |  1.5

Action                   |  1- 3 |  4- 6 || total
-------------------------+-------+-------++-------
Melee: Unarmed           |    29 |       ||    29
       Short sword       |    39 |     3 ||    42
 Cast: Foxfire           |    57 |    15 ||    72
 Stab: Sleeping          |     1 |       ||     1
Armor: Robe              |    24 |     8 ||    32
Dodge: Dodged            |    41 |    25 ||    66

Levels and vault maps discovered:
D:1:      eino_arrival_water_star, layout_rooms, serial_shops,
          nicolae_shop_crystal, dreamdust_ecumenical_altar_drowned_temple,
          grunt_decor_junction, minivault_5
D:2:      layout_basic, serial_shops,
          nicolae_shop_temple_entry_statues_fountains, grunt_decor_arrowhead
D:3:      layout_basic, minmay_goblin_outpost
D:4:      layout_basic

Notes
Turn   | Place    | Note
-------+----------+-------------------------------------------
     0 | D:1      | Faeu the Hill Orc Fire Elementalist began the quest for the
                  | Orb.
     0 | D:1      | Reached XP level 1. HP: 14/14 MP: 3/3
     0 | D:1      | magus.rc [v1.9.6]
   142 | D:1      | Found Xeoxzut's Armour Shoppe.
   481 | D:1      | Found a faded altar of an unknown god.
   505 | D:1      | Reached XP level 2. HP: 19/19 MP: 2/4
   645 | D:1      | Reached skill level 1 in Invocations
   763 | D:1      | You pick up a book of Storms and begin reading...
   763 | D:1      | You add the spells Airstrike, Summon Lightning Spire and
                  | Lightning Bolt to your library.
   931 | D:2      | Found Uklew's Distillery.
  1084 | D:2      | Reached XP level 3. HP: 15/26 MP: 0/5
  1295 | D:2      | Reached skill level 2 in Stealth
  2009 | D:2      | Reached skill level 2 in Dodging
  2399 | D:4      | Reached skill level 2 in Conjurations
  2399 | D:4      | Reached skill level 2 in Invocations
  2399 | D:4      | Reached XP level 4. HP: 23/33 MP: 1/6
  2622 | D:4      | Reached skill level 4 in Fire Magic
  2622 | D:4      | Reached XP level 5. HP: 14/38 MP: 2/7
  2885 | D:4      | HP: 7/38 [hound (5)]
  2886 | D:4      | HP: 3/38 [poisoned by an adder]
  2889 | D:4      | Slain by a hound

Vanquished Creatures
  A bullfrog skeleton (D:4)
  An iguana (D:4)
  2 adders (D:4)
  2 worms (D:2)
  A dart slug (D:2)
  2 orcs (D:4)
  An endoplasm (D:1)
  5 goblins
  2 hobgoblins
  3 quokkas (D:2)
  5 ball pythons
  4 frilled lizards
  6 kobolds
  7 rats
  A spectral kobold (D:1)
43 creatures vanquished.

Vanquished Creatures (others)
  123 foxfires
123 creatures vanquished.

Grand Total: 166 creatures vanquished

Table legend:
 A = Non-vault XP
 B = Vault XP
 C = Vault XP percentage of total XP
 D = Non-vault monster count
 E = Vault monster count
 F = Vault count percentage of total count
                 A         B        C        D         E       F
            +---------+---------+-------+---------+---------+-------
      Total |     174 |       1 |   0.6 |      42 |       1 |   2.3
            +---------+---------+-------+---------+---------+-------
        D:1 |      18 |       1 |   5.3 |      13 |       1 |   7.1
        D:2 |      38 |       0 |   0.0 |      19 |       0 |   0.0
        D:3 |       6 |       0 |   0.0 |       4 |       0 |   0.0
        D:4 |     112 |       0 |   0.0 |       6 |       0 |   0.0
            +---------+---------+-------+---------+---------+-------

Illustrated notes

Table legend:
 A = Kills in this place as a percentage of kills in entire the game.
 B = Kills by you in this place as a percentage of kills by you in the entire game.
 C = Kills by friends in this place as a percentage of kills by friends in the entire game.
 D = Other kills in this place as a percentage of other kills in the entire game.
 E = Experience gained in this place as a percentage of experience gained in the entire game.
 F = Experience gained in this place divided by the number of levels of this place that you have seen.
                   A       B       C       D       E      F
               +-------+-------+-------+-------+-------+----------------------
         Total | 100.0 | 100.0 |   N/A |   N/A | 100.0 |  43.8
       Dungeon | 100.0 | 100.0 |   N/A |   N/A | 100.0 |  43.8
               +-------+-------+-------+-------+-------+----------------------

Table legend: (Time is in decaauts)
 A = Elapsed time spent in this place.
 B = Non-inter-level travel time spent in this place.
 C = Inter-level travel time spent in this place.
 D = Time resting spent in this place.
 E = Time spent auto-exploring this place.
 F = Levels seen in this place.
 G = Mean time per level.
                   A        B        C        D        E       F      G
               +--------+--------+--------+--------+--------+-----+--------+
         Total |   2897 |   2868 |     29 |    361 |   1347 |   4 |  724.2 |
       Dungeon |   2897 |   2868 |     29 |    361 |   1347 |   4 |  724.2 |
               +--------+--------+--------+--------+--------+-----+--------+

Top non-repeatable levels by time:
     D:2: 1275 daAuts
     D:1: 905 daAuts
     D:4: 590 daAuts
     D:3: 125 daAuts
